 Dungeon Crawl Stone Soup version 0.31-a0-145-g046c7d2549 (webtiles) character file.

Game seed: 11219567344103668450

525 holysushi the Magician (level 7, -5/49 HPs)
             Began as a Djinni Necromancer on June 6, 2023.
             Slain by a black bear (10 damage)
             ... on level 5 of the Dungeon.
             The game lasted 00:08:06 (3303 turns).

holysushi the Magician (Djinni Necromancer)         Turns: 3303, Time: 00:08:07

Health: -5/49      AC:  6    Str:  7    XL:     7   Next: 47%
Gold:   216        EV: 14    Int: 17    God:
                   SH:  0    Dex: 15

rFire   + + .        j - +0 dagger
rCold   x . .        (no shield)
rNeg    . . .        a - +0 robe
rPois   ∞            o - +1 helmet
rElec   .            r - +1 cloak
rCorr   .            (no gloves)
SInv    +            (boots unavailable)
Will    .....        (no amulet)
Stlth   ++           n - ring of see invisible
HPRegen 0.28/turn    (no ring)
MPRegen 0.00/turn

%: infuse magic (-6 HP)
@: flying
A: sickness immunity, fire resistance 2, cold vulnerability 1, float, innate
caster, HP casting, extra vitality 1
a: no special abilities


You were on level 5 of the Dungeon.
You visited 1 branch of the dungeon, and saw 5 of its levels.

You collected 216 gold pieces.

Inventory:

Hand Weapons
 j - a +0 dagger (weapon)
Armour
 a - a +0 robe (worn)
 o - a +1 helmet (worn)
 r - a +1 cloak (worn)
 w - a +0 kite shield
Magical Staves
 e - a staff of earth
Jewellery
 n - a ring of see invisible (left hand)
Scrolls
 d - 6 scrolls of fear {unknown}
 f - a scroll of blinking {unknown}
 h - 2 scrolls of magic mapping {unknown}
 k - a scroll of fog {unknown}
 t - 5 scrolls of identify {unknown}
 u - a scroll of enchant armour {unknown}
 v - a scroll of vulnerability {unknown}
Potions
 b - a potion of mutation {unknown}
 c - a potion of haste {unknown}
 g - a potion of heal wounds {unknown}
 i - a potion of attraction {unknown}
 l - 2 potions of curing {unknown}
 m - a potion of resistance {unknown}
 p - a potion of brilliance {unknown}
 q - a potion of berserk rage {unknown}
 s - a potion of invisibility {unknown}


   Skills:
 - Level 2.0 Fighting
 - Level 5.0 Dodging
 - Level 1.5 Stealth
 + Level 5.4 Spellcasting
 + Level 5.4 Conjurations
 + Level 5.4 Hexes
   Level 0.0 Charms
 + Level 5.4 Summonings
 + Level 5.4 Necromancy
 + Level 5.4 Translocations
 + Level 5.4 Transmutations
 + Level 5.4 Fire Magic
 + Level 5.4 Ice Magic
 + Level 5.4 Air Magic
 + Level 5.4 Earth Magic
 + Level 5.4 Poison Magic


You knew the following spells:

 Your Spells              Type           Power      Damage    Failure   Level
a - Necrotise             Necr           92%        1d8       1%          1
b - Vampiric Draining     Necr           23%        2d7       4%          3
c - Animate Dead          Necr           23%        N/A       14%         4
d - Agony                 Necr           23%        N/A       38%         5
e - Shock                 Conj/Air       92%        1d8       1%          1
f - Static Discharge      Conj/Air       46%        2-4/arc   2%          2
g - Vhi's Electric Charg  Tloc/Air       46%        N/A       4%          3
Your spell library was empty.

Dungeon Overview and Level Annotations

Branches:
Dungeon (5/15) Zot: 26644
 Temple: D:4-7

Altars:

Annotations:
D:2 Sigmund


Innate Abilities, Weirdness & Mutations

You are immune to sickness and miasma.
You are immune to poison.
Your flesh is very heat resistant. (rF++)
You are vulnerable to cold. (rC-)
You float through the air rather than walking.
You learn spells naturally, not from books.
Your magical power is your life essence.
You have superior vitality. (+4 MHP)


Message History

Aiming: Shock (safe; 1% risk of failure)
Press: ? - help, Shift-Dir - straight line, f/p - black bear
Aim: a black bear (almost dead, berserk, 81% to hit)
The zap misses the black bear.
The black bear bites you.
The black bear claws you but does no damage. x2
Casting: Shock (safe; 1% risk of failure)
Confirm with . or Enter, or press ? or * to list all spells.
Aiming: Shock (safe; 1% risk of failure)
Press: ? - help, Shift-Dir - straight line, f/p - black bear
Aim: a black bear (almost dead, berserk, 81% to hit)
The zap hits the black bear.
The black bear is almost dead.
The black bear bites you. The black bear claws you. x2
The black bear bites you! The black bear barely misses you.
The black bear claws you but does no damage.
Casting: Shock (safe; 1% risk of failure)
Confirm with . or Enter, or press ? or * to list all spells.
Aiming: Shock (safe; 1% risk of failure)
Press: ? - help, Shift-Dir - straight line, f/p - black bear
Aim: a black bear (almost dead, berserk, 81% to hit)
The zap hits the black bear.
The black bear is almost dead.
* * * LOW HITPOINT WARNING * * *
The black bear barely misses you. The black bear claws you.
* * * LOW HITPOINT WARNING * * *
The black bear closely misses you.
Casting: Shock (safe; 1% risk of failure)
Confirm with . or Enter, or press ? or * to list all spells.
Aiming: Shock (safe; 1% risk of failure)
Press: ? - help, Shift-Dir - straight line, f/p - black bear
Aim: a black bear (almost dead, berserk, 81% to hit)
The zap misses the black bear.
* * * LOW HITPOINT WARNING * * *
The black bear bites you.
* * * LOW HITPOINT WARNING * * *
The black bear claws you.
* * * LOW HITPOINT WARNING * * *
The black bear claws you but does no damage.
The black bear bites you!
You die...

##.....## ### #.#
##.......## ##.###.#
#.........####...##.##
+...>.....'...........
#.........####...##.##
#.......## ##.###.##
##.....## ####...#
##...## #....# ##@##
#....# #h# #.#### #.#
#.# #.# #.# ... #.#
... #.# ... #.# ##.#.


You could see a black bear (berserk).

Vanquished Creatures
  A water moccasin (D:5)
  An ice beast (D:5)
  A black bear (D:4)
  A scorpion (D:5)
  Robin (D:2)
  5 adders
  A gnoll (D:1)
  3 dart slugs
  11 orcs
  9 endoplasms
  A giant cockroach (D:4)
  14 goblins
  8 hobgoblins
  3 quokkas
  8 ball pythons
  3 bats
  2 frilled lizards
  7 kobolds
  10 rats
90 creatures vanquished.

Vanquished Creatures (collateral kills)
  An adder (D:2)
  An endoplasm (D:1)
2 creatures vanquished.

Grand Total: 92 creatures vanquished

Notes
Turn   | Place    | Note
-------+----------+-------------------------------------------
     0 | D:1      | holysushi the Djinni Necromancer began the quest for the
                  | Orb.
     0 | D:1      | holysushi set off with the following spells memorised:
                  | Necrotise, Vampiric Draining, Animate Dead, Agony.
     0 | D:1      | Reached XP level 1. HP: 15/15 MP: 0/0
    92 | D:1      | Reached skill level 1 in Fighting
    92 | D:1      | Reached XP level 2. HP: 11/23 MP: 0/0
   235 | D:1      | Reached XP level 3. HP: 22/28 MP: 0/0
   235 | D:1      | Learned a level 1 spell: Shock
   633 | D:2      | Reached XP level 4. HP: 29/33 MP: 0/0
  1069 | D:2      | Noticed Sigmund
  1486 | D:2      | Noticed Robin
  1495 | D:2      | Killed Robin
  1809 | D:3      | Reached XP level 5. HP: 37/38 MP: 0/0
  1809 | D:3      | Learned a level 2 spell: Static Discharge
  2455 | D:4      | Noticed a black bear
  2468 | D:4      | Killed a black bear
  2469 | D:4      | Reached skill level 5 in Dodging
  2469 | D:4      | Reached XP level 6. HP: 30/43 MP: 0/0
  2948 | D:5      | Entered Level 5 of the Dungeon
  2982 | D:5      | Noticed a water moccasin
  3015 | D:5      | Noticed an ice beast
  3027 | D:5      | Killed an ice beast
  3072 | D:5      | Killed a water moccasin
  3073 | D:5      | Reached skill level 5 in Spellcasting
  3073 | D:5      | Reached skill level 5 in Conjurations
  3073 | D:5      | Reached skill level 5 in Hexes
  3073 | D:5      | Reached skill level 5 in Summonings
  3073 | D:5      | Reached skill level 5 in Necromancy
  3073 | D:5      | Reached skill level 5 in Translocations
  3073 | D:5      | Reached skill level 5 in Transmutations
  3073 | D:5      | Reached skill level 5 in Fire Magic
  3073 | D:5      | Reached skill level 5 in Ice Magic
  3073 | D:5      | Reached skill level 5 in Air Magic
  3073 | D:5      | Reached skill level 5 in Earth Magic
  3073 | D:5      | Reached skill level 5 in Poison Magic
  3073 | D:5      | Reached XP level 7. HP: 42/49 MP: 0/0
  3073 | D:5      | Learned a level 3 spell: Vhi's Electric Charge
  3303 | D:5      | Slain by a black bear

Illustrated notes

Levels and vault maps discovered:
D:1:      wander_arrival_lonely_grave, layout_rooms, serial_bayou_pond_c
D:2:      layout_loops_corners, chequers_serial_rivers_micro_b, uniq_sigmund,
          uniq_robin
D:3:      layout_rooms, kiku_gazebo_pond_becter
D:4:      layout_rooms
D:5:      layout_loops_corners

Skill      XL: |  1  2  3  4  5  6 |
---------------+-------------------+-----
Fighting       | 1 2 |  2.0
Dodging        | 3 4 5 |  5.0
Spellcasting   | 4 5 |  5.4
Conjurations   | 4 5 |  5.4
Hexes          | 4 5 |  5.4
Summonings     | 4 5 |  5.4
Necromancy     | 4 5 |  5.4
Translocations | 4 5 |  5.4
Transmutations | 4 5 |  5.4
Fire Magic     | 4 5 |  5.4
Ice Magic      | 4 5 |  5.4
Air Magic      | 4 5 |  5.4
Earth Magic    | 4 5 |  5.4
Poison Magic   | 4 5 |  5.4
Stealth        | |  1.5

Action                     |  1- 3 |  4- 6 |  7- 9 || total
---------------------------+-------+-------+-------++-------
  Melee: Unarmed           |     1 |       |       ||     1
         Dagger            |       |    22 |     2 ||    24
         Punch             |       |     1 |       ||     1
   Cast: Necrotise         |    50 |    31 |       ||    81
         Shock             |       |    94 |    15 ||   109
         Static Discharge  |       |     1 |     3 ||     4
         Vhi's Electric Ch |       |       |     1 ||     1
   Stab: Sleeping          |       |       |     1 ||     1
 Armour: Robe              |     1 |    12 |     7 ||    20
  Dodge: Dodged            |    13 |    40 |    10 ||    63

Table legend: (Time is in decaauts)
 A = Elapsed time spent in this place.
 B = Non-inter-level travel time spent in this place.
 C = Inter-level travel time spent in this place.
 D = Time resting spent in this place.
 E = Time spent auto-exploring this place.
 F = Levels seen in this place.
 G = Mean time per level.
                   A        B        C        D        E       F      G
               +--------+--------+--------+--------+--------+-----+--------+
         Total |   3302 |   3161 |    141 |    403 |   2091 |   5 |  660.4 |
       Dungeon |   3302 |   3161 |    141 |    403 |   2091 |   5 |  660.4 |
               +--------+--------+--------+--------+--------+-----+--------+

Top non-repeatable levels by time:
     D:2: 1156 daAuts
     D:4: 796 daAuts
     D:1: 533 daAuts
     D:3: 460 daAuts
     D:5: 354 daAuts
